 Dungeon Crawl Stone Soup version 0.32-a0-630-g46d191b0ed (webtiles) character file.

Game seed: 4378209708533081939

1 croobank the Caller (level 1, 0/11 HPs)
             Began as an Octopode Summoner on Mar 6, 2024.
             Constricted to death by a ball python (2 damage)
             ... on level 1 of the Dungeon.
             The game lasted 00:00:35 (27 turns).

croobank the Caller (Octopode Summoner)               Turns: 27, Time: 00:00:36

Health: 0/11       AC:  1    Str:  7    XL:     1   Next: 20%
Magic:  1/3        EV:  3    Int: 17    God:
Gold:   0          SH:  0    Dex: 12    Spells: 3/4 levels left

rFire   . . .        (no weapon)
rCold   . . .        (no shield)
rNeg    . . .        (helmet restricted)
rPois   .            (no amulet)
rElec   .            (no ring)
rCorr   .            (no ring)
SInv    .            (no ring)
Will    .....        (no ring)
Stlth   +++          (no ring)
HPRegen 0.21/turn    (no ring)
MPRegen 0.08/turn    (no ring)
                     (no ring)

%: no passive effects
@: constricted
A: almost no armour, amphibious, 8 rings, camouflage 1, gelatinous body 1,
(nimble swimmer 1), tentacles
a: no special abilities


You were on level 1 of the Dungeon.
You visited 1 branch of the dungeon, and saw 1 of its levels.

Inventory:

Potions
 a - a potion of magic


   Skills:
 + Level 2.0 Dodging
 + Level 2.7 Stealth
 + Level 2.0 Spellcasting
 + Level 4.0 Summonings


You had 3 spell levels left.
You knew the following spells:

 Your Spells              Type           Power      Damage    Failure   Level
a - Summon Small Mammal   Summ           60%        N/A       3%          1

Your spell library contained the following spells:

 Spells                   Type           Power      Damage    Failure   Level
 Call Imp                 Summ           30%        N/A       5%          2
 Call Canine Familiar     Summ           15%        N/A       11%         3
 Summon Blazeheart Golem  Fire/Summ      8%         N/A       63%         4
 Summon Lightning Spire   Summ/Air       8%         N/A       63%         4


Dungeon Overview and Level Annotations

Branches:
Dungeon (1/15)

Altars:


Innate Abilities, Weirdness & Mutations

You cannot wear most types of armour.
You are amphibious.
You can wear up to eight rings at the same time.
Your skin changes colour to match your surroundings (Stealth+).
Your rubbery body absorbs attacks. (AC +1, EV +1)
((You are camouflaged when in or above water. (Stealth+)))
You have tentacles for arms and can constrict up to eight enemies at once.


Message History

Welcome, croobank the Octopode Summoner.
Will you be the one to retrieve the fabulous Orb of Zot from the depths?
Press ? for a list of commands and other information.
Found an escape hatch in the floor.
Found a staircase leading out of the dungeon.
You open the door.
There is an open door here.
A ball python and an endoplasm come into view.
A hobgoblin comes into view.
The hobgoblin shouts!
You hear an angry hiss.
The hobgoblin hits you but does no damage.
You barely miss the hobgoblin. You grab the hobgoblin.
You constrict the hobgoblin. The hobgoblin closely misses you.
You tentacle-slap the hobgoblin.
The hobgoblin is heavily wounded.
You constrict the hobgoblin. The hobgoblin misses you.
You tentacle-slap the hobgoblin but do no damage.
The hobgoblin is almost dead.
You constrict the hobgoblin.
You kill the hobgoblin!
The ball python closely misses you. x2
Casting: Summon Small Mammal (safe; 3% risk of failure)
Confirm with . or Enter, or press ? or * to list all spells.
The ball python closely misses you. The ball python grabs you.
The ball python constricts you.
Casting: Summon Small Mammal (safe; 3% risk of failure)
Confirm with . or Enter, or press ? or * to list all spells.
The ball python bites you. The ball python constricts you.
Your quokka completely misses the ball python.
You closely miss the ball python. Your grab misses the ball python.
You tentacle-slap the ball python. Your squeeze misses the ball python.
The ball python is severely wounded.
The ball python bites you. The ball python constricts you.
Your quokka barely misses the ball python.
Your quokka closely misses the ball python.
The ball python bites you.
* * * LOW HITPOINT WARNING * * *
The ball python constricts you.
You die...

... ...# +.... ...#
#+#####
#.J..####...#
#.....+ .........S
#.....# #..#.....
#..>..### #..#.r.#
#..<..#.# ##..#.Sr#
#.....#.# +..!.J@.#
#####'#.#+##...####
+..........####.
###.###........#
#..##.....^....
##....######...
####.# .. #.# . #.#


You could see an endoplasm, a ball python (ally target) and 2 friendly quokkas.

Vanquished Creatures
  A hobgoblin (D:1)
1 creature vanquished.

Notes
Turn   | Place    | Note
-------+----------+-------------------------------------------
     0 | D:1      | croobank the Octopode Summoner began the quest for the Orb.
     0 | D:1      | Reached XP level 1. HP: 11/11 MP: 3/3
    27 | D:1      | Constricted to death by a ball python

Illustrated notes

Levels and vault maps discovered:
D:1:      shiori_arrival_maze, layout_basic,
          dreamdust_ecumenical_altar_angels_and_demons, minivault_23

Action                     || total
---------------------------++-------
  Melee: Unarmed           ||     4
         Constrict         ||     1
         Punch             ||     1
   Cast: Summon Small Mamm ||     2
 Armour: Skin              ||     8
  Dodge: Dodged            ||     5

Table legend: (Time is in decaauts)
 A = Elapsed time spent in this place.
 B = Non-inter-level travel time spent in this place.
 C = Inter-level travel time spent in this place.
 D = Time resting spent in this place.
 E = Time spent auto-exploring this place.
 F = Levels seen in this place.
 G = Mean time per level.
                   A        B        C        D        E       F      G
               +--------+--------+--------+--------+--------+-----+--------+
         Total |     27 |     27 |      0 |      0 |     17 |   1 |   27.0 |
       Dungeon |     27 |     27 |      0 |      0 |     17 |   1 |   27.0 |
               +--------+--------+--------+--------+--------+-----+--------+

Top non-repeatable levels by time:
     D:1: 27 daAuts
